 Dungeon Crawl Stone Soup version 0.32-a0-931-g5a2cda0630 (webtiles) character file.

Game seed: 12058867970050002355

6708 Ofeo the Spear-Bearer (level 11, -2/75 HPs)
             Began as a Coglin Artificer on Apr 13, 2024.
             Was an Initiate of Yredelemnul.
             Shot with an arrow by a centaur warrior (17 damage)
             ... on level 8 of the Dungeon.
             The game lasted 00:14:22 (8148 turns).

Ofeo the Spear-Bearer (Coglin Artificer)            Turns: 8148, Time: 00:14:22

Health: -2/75      AC: 11    Str: 14    XL:     11   Next: 3%
Magic:  11/11      EV:  9    Int: 10    God:    Yredelemnul [......]
Gold:   13         SH:  0    Dex: 18    Spells: 10/10 levels left

rFire   . . .        a - +3 trident (drain) {Ujjalroop}
rCold   . . .        K - +1 trident (venom) {Surin}
rNeg    . . .        j - +0 scale mail
rPois   .            (no helmet)
rElec   .            J - +1 cloak {Stlth+}
rCorr   .            (no gloves)
SInv    .            f - +1 pair of boots
Will    .....        (amulet unavailable)
Stlth   ++           (ring unavailable)
HPRegen 0.32/turn    (ring unavailable)
MPRegen 0.12/turn    (no gizmo)

%: no passive effects
@: wreathed by umbra, revved
A: off-hand wielding, slow wielding, warmup strikes, no jewellery
a: Invent Gizmo, Renounce Religion, Light the Black Torch, Recall Undead Harvest


You were on level 8 of the Dungeon.
You worshipped Yredelemnul.
Yredelemnul was noncommittal.
You visited 1 branch of the dungeon, and saw 8 of its levels.

You collected 539 gold pieces.
You spent 526 gold pieces at shops.

Inventory:

Hand Weapons
 a - a +3 trident of draining (weapon) {Ujjalroop}
 o - a +0 trident of venom {Anan}
 K - a +1 trident of venom (offhand) {Surin}
Missiles
 I - a throwing net
Armour
 b - a +2 robe of fire resistance
 f - a +1 pair of boots (worn)
 j - a +0 scale mail (worn)
 H - a +1 leather armour of cold resistance
 J - a +1 cloak of stealth (worn)
Wands
 c - a wand of flame (15) (quivered)
 d - a wand of charming (9)
 s - a wand of roots (30)
 v - a wand of mindburst (21)
Scrolls
 g - 6 scrolls of teleportation {@r3}
 i - a scroll of brand weapon
 k - a scroll of amnesia
 t - a scroll of vulnerability
 u - 2 scrolls of fog
 w - 2 scrolls of enchant armour
 x - 2 scrolls of revelation
 y - a scroll of torment
 F - a scroll of fear
Potions
 e - a potion of enlightenment
 h - a potion of heal wounds {@q2}
 l - a potion of lignification
 m - a potion of might {@q4}
 n - a potion of haste {unknown}
 p - a potion of attraction {unknown}
 q - 3 potions of curing {@q1}
 A - 3 potions of ambrosia
 C - 2 potions of degeneration {unknown}
 D - 2 potions of invisibility {unknown}
 E - a potion of mutation {unknown}
 G - a potion of magic {unknown}
 R - 2 potions of berserk rage


   Skills:
 - Level 3.6 Fighting
 + Level 13.0 Polearms
 - Level 3.7 Armour
 - Level 3.2 Dodging
 - Level 3.3 Stealth
 - Level 6.2 Evocations


You had 10 spell levels left.
You didn't know any spells.
Your spell library contained the following spells:

 Spells                   Type           Power      Damage    Failure   Level
 Freeze                   Ice            0%         1d3       83%         1
 Dazzling Flash           Conj/Hex       0%         N/A       99%         3
 Frozen Ramparts          Ice            0%         1d1       99%         3
 Fugue of the Fallen      Necr           0%         N/A       99%         3
 Hailstorm                Conj/Ice       0%         3d5       99%         3
 Ozocubu's Armour         Ice            0%         N/A       99%         3
 Starburst                Conj/Fire      0%         6d3       100%        6
 Manifold Assault         Tloc           0%         N/A       100%        7
 Maxwell's Capacitive Co  Air            0%         ∞         100%        8


Dungeon Overview and Level Annotations

Branches:
Dungeon (8/15)             Temple (0/1) D:7
   Lair: D:8-11

Altars:
Ashenzari
Cheibriados
Gozag
Kikubaaqudgha
Nemelex Xobeh
Okawaru
Ru
Uskayaw
Yredelemnul
The Shining One
Beogh

Shops:
D:8 *


Innate Abilities, Weirdness & Mutations

You can wield a second weapon in your off-hand.
It takes a long time for you to wield or remove held weapons.
Your first few attacks do less damage.
You cannot equip rings or amulets.


Message History

< or
a - a +3 trident of draining {Ujjalroop}; > or
K - a +1 trident of venom {Surin} A kobold comes into view.
It is wielding a +0 short sword.
You feel sick.
Your kobold brigand zombie misses the kobold.
The kobold hits your kobold zombie with a +0 short sword.
Items here: (( ))).
You take 1 damage, and have 38/75 hp.
You swap places.
You feel sick.
Your kobold brigand zombie barely misses the kobold.
The kobold barely misses you.
You take 1 damage, and have 37/75 hp.
You closely miss the kobold with your +3 trident of draining.
You hit the kobold with your +1 trident of venom.
You kill the kobold!
Their soul becomes fuel for the torch.
You feel sick.
The centaur warrior wields a +0 orcbow.
The centaur warrior shoots an arrow.
The arrow closely misses you.
You feel sick.
You are no longer poisoned.
Things that are here:
a +0 short sword; a stone You take 1 damage, and have 36/75 hp.
You puncture the kobold with your +1 trident of venom!
You kill the kobold!
Their soul becomes fuel for the torch.
You swap places.
The centaur warrior shoots an arrow.
The arrow hits you.
The centaur warrior shoots an arrow.
The arrow hits you!!
* * * LOW HITPOINT WARNING * * *
You see here a +0 short sword.
You take 22 damage, and have 14/75 hp.
MASSIVE DAMAGE!!
Okay, then.
Okay, then.
Okay, then.
Aiming: Mindburst
Press: ? - help, Shift-Dir - straight line, f - centaur warrior
Aim: a centaur warrior, wielding a +0 orcbow (ally target, chance to affect: 71%)
The centaur warrior's mind is blasted!!!
The centaur warrior shoots an arrow.
The arrow hits you!
You die...
Your body rises from the dead as a mindless zombie.

###.. .... . ### ... ...
##.## ... ...# ##...###.#
...# ##.....##.##...#
#.....).#......#.
#.##.#)Z)@..c........⌠....
#.####...Z##.#.#.⌠.._._..⌠
##..###<..Z.....#..........
.....#........#.##.........
.................##.......#
..................##.....
.....#.........#...###.###
..>...#.....#####..##..#..##
.............∩##..##.##.##.#


You could see a centaur warrior (ally target), a friendly boulder beetle zombie,
a friendly kobold zombie and a friendly kobold brigand zombie.

Vanquished Creatures
  A two-headed ogre (D:7)
  A boulder beetle (D:8)
  Pikel (D:4)
  Maggie (D:8)
  Jeremiah (D:8)
  A hornet (D:8)
  A troll (D:8)
  2 yaks (D:8)
  A vampire mosquito (D:8)
  2 water moccasins
  An acid dragon (D:8)
  2 sky beasts
  4 orc warriors
  2 ogres (D:5)
  A centaur (D:8)
  A phantom (D:6)
  A lemure (D:4)
  A kobold brigand (D:8)
  3 bullfrogs
  A gnoll sergeant (D:8)
  2 scorpions
  5 killer bees (D:6)
  A howler monkey (D:6)
  A gnoll bouda (D:7)
  7 orc priests
  2 hounds
  A jelly (D:8)
  2 sleepcaps
  2 iguanas
  7 orc wizards
  5 gnolls (D:7)
  3 adders (D:5)
  A shadow imp (D:8)
  A white imp (D:5)
  4 ufetubi
  A ribbon worm (D:4)
  3 dart slugs
  28 orcs
  4 endoplasms
  A giant cockroach (D:1)
  4 goblins
  6 hobgoblins
  2 jackals (D:1)
  4 quokkas
  9 ball pythons
  4 bats
  3 frilled lizards
  10 kobolds
  2 rats
154 creatures vanquished.

Vanquished Creatures (collateral kills)
  2 yaks (D:8)
  Eustachio (D:6)
  An ice beast (D:6)
  2 centaurs (D:8)
  A kobold brigand (D:8)
  A scorpion (D:6)
  A killer bee (D:6)
  2 hounds (D:6)
  A jelly (D:6)
  A gnoll bouda (D:8)
  An iguana (D:6)
  Ijyb (D:4)
  A ribbon worm (D:2)
  5 orcs
  A ball python (D:4)
22 creatures vanquished.

Vanquished Creatures (others)
  An orc warrior (D:8)
  A troll zombie (D:8)
  A scorpion zombie (D:4)
  A killer bee zombie (D:6)
  A human zombie (D:8)
  An adder (D:2)
  2 bat zombies (D:3)
  A ball python zombie (D:4)
  An endoplasm zombie (D:4)
  2 gnoll zombies
  A hobgoblin zombie (D:3)
  16 orc zombies
29 creatures vanquished.

Grand Total: 205 creatures vanquished

Notes
Turn   | Place    | Note
-------+----------+-------------------------------------------
     0 | D:1      | Ofeo the Coglin Artificer began the quest for the Orb.
     0 | D:1      | Reached XP level 1. HP: 15/15 MP: 1/1
   242 | D:1      | Reached skill level 1 in Dodging
   620 | D:1      | Reached skill level 1 in Stealth
   668 | D:1      | Reached XP level 2. HP: 21/21 MP: 2/2
  1293 | D:2      | HP: 1/21 [poisoned by an adder]
  1309 | D:2      | HP: 1/21 [frozen (4)]
  1922 | D:2      | Found an ancient bone altar of Kikubaaqudgha.
  1987 | D:2      | Reached XP level 3. HP: 26/26 MP: 3/3
  2218 | D:2      | Found a faded altar of an unknown god.
  2224 | D:2      | Prayed at the altar of an unknown god.
  2224 | D:2      | Became a worshipper of Yredelemnul the Fallen
  2224 | D:2      | Reached * piety under Yredelemnul
  3275 | D:4      | Reached XP level 4. HP: 33/33 MP: 4/4
  3353 | D:4      | Noticed a scorpion
  3355 | D:4      | Noticed a water moccasin
  3361 | D:4      | Killed a scorpion
  3362 | D:4      | Reached XP level 5. HP: 19/38 MP: 5/5
  3366 | D:4      | Killed a water moccasin
  3367 | D:4      | Reached skill level 5 in Evocations
  3367 | D:4      | Reached XP level 6. HP: 21/46 MP: 6/6
  3480 | D:4      | Identified the +0 leather armour "Xubb" {Will- Regen+ Str+3
                  | Int+2}
  3536 | D:4      | Noticed Ijyb
  3548 | D:4      | Killed Ijyb
  3700 | D:4      | Noticed Pikel
  3705 | D:4      | Killed Pikel
  3706 | D:4      | Reached XP level 7. HP: 5/52 MP: 7/7
  4033 | D:4      | Reached skill level 1 in Polearms
  4320 | D:5      | Entered Level 5 of the Dungeon
  4325 | D:5      | Reached skill level 2 in Polearms
  4325 | D:5      | Reached XP level 8. HP: 59/59 MP: 8/8
  4487 | D:5      | Found a sparkling altar of Nemelex Xobeh.
  4550 | D:5      | Found an opulent altar of Gozag.
  4551 | D:5      | Found a hide-covered altar of Uskayaw.
  4551 | D:5      | Found a sacrificial altar of Ru.
  4552 | D:5      | Found a glowing golden altar of the Shining One.
  4604 | D:5      | Reached skill level 3 in Polearms
  4900 | D:5      | Reached skill level 4 in Polearms
  5631 | D:6      | Reached skill level 5 in Polearms
  5654 | D:6      | Reached skill level 6 in Polearms
  5850 | D:6      | Found a snail-covered altar of Cheibriados.
  5877 | D:6      | Noticed Eustachio
  5892 | D:6      | Killed Eustachio
  5893 | D:6      | Reached XP level 9. HP: 58/64 MP: 9/9
  5937 | D:6      | Reached skill level 7 in Polearms
  6632 | D:7      | Reached skill level 8 in Polearms
  6649 | D:7      | Found a staircase to the Ecumenical Temple.
  6749 | D:7      | Found a transporter.
  6756 | D:7      | Found a roughly hewn altar of Beogh.
  6756 | D:7      | Found a transporter.
  6756 | D:7      | Noticed a two-headed ogre
  6781 | D:7      | Killed a two-headed ogre
  6782 | D:7      | Reached skill level 9 in Polearms
  6785 | D:7      | Reached skill level 10 in Polearms
  6788 | D:7      | Reached XP level 10. HP: 55/70 MP: 10/10
  6998 | D:7      | Found a broken altar of Ashenzari.
  7427 | D:8      | Noticed Maggie
  7428 | D:8      | Noticed Jeremiah
  7464 | D:8      | Reached skill level 11 in Polearms
  7756 | D:8      | Killed Maggie
  7796 | D:8      | Killed Jeremiah
  7838 | D:8      | Found Duosucwi's Assorted Antiques.
  7854 | D:8      | Bought a pair of glowing boots for 157 gold pieces
  7859 | D:8      | Bought a clear potion for 18 gold pieces
  7859 | D:8      | Bought a brown potion for 18 gold pieces
  7859 | D:8      | Bought a potion of berserk rage for 105 gold pieces
  7859 | D:8      | Bought a lumpy amethyst potion for 18 gold pieces
  7859 | D:8      | Bought a scroll labelled QONIOSTUUDU for 21 gold pieces
  7859 | D:8      | Bought 3 scrolls of teleportation for 189 gold pieces
  7890 | D:8      | Noticed a centaur warrior
  7897 | D:8      | Your ally Maggie died
  7956 | D:8      | Reached skill level 12 in Polearms
  7986 | D:8      | Noticed a boulder beetle
  7998 | D:8      | Noticed a cyclops
  8000 | D:8      | Killed a boulder beetle
  8031 | D:8      | Found a glowing golden altar of the Shining One.
  8033 | D:8      | Found an iron altar of Okawaru.
  8041 | D:8      | HP: 1/70 [vampire mosquito (10)]
  8063 | D:8      | Reached XP level 11. HP: 26/75 MP: 11/11
  8141 | D:8      | Reached skill level 13 in Polearms
  8148 | D:8      | Shot with an arrow by a centaur warrior

Illustrated notes

Levels and vault maps discovered:
D:1:      dpeg_arrival_rooms_with_view, layout_basic
D:2:      layout_loops_cross, basic_altar,
          hellmonk_ecumenical_altar_heavens_door, minmay_tromino_mix6
D:3:      layout_basic
D:4:      layout_loops_cross, uniq_pikel, uniq_ijyb
D:5:      layout_basic, nemelex_spade_bored_becter, minitemple
D:6:      layout_basic, cheibriados_altar_1, uniq_eustachio
D:7:      gammafunk_beogh_shrine, layout_loops_cross,
          cheibrodos_ashenzari_chains, minmay_temple_entry_glassed_door
D:8:      minmay_the_grid_octo_2x2 [minmay_the_grid_octo_checkerflower,
          minmay_the_grid_octo_shrine, minmay_the_grid_octo_checkered,
          minmay_the_grid_octo_prize_ultimate_mussel_roller], layout_cave_pools,
          general_overflow_altar, serial_shops, shop, st_stairs_5,
          corexii_checkpoint, uniq_jeremiah, uniq_maggie

Skill      XL: |  1  2  3  4  5  6  7  8  9 10 11 |
---------------+----------------------------------+-----
Dodging        | 1 2 3 |  3.2
Stealth        | 1 2 3 |  3.3
Armour         | 2 3 |  3.7
Fighting       | 2 3 |  3.6
Evocations     | 5 6 |  6.2
Polearms       | 2 6 10 12 13 | 13.0

Action                     |  1- 3 |  4- 6 |  7- 9 | 10-12 || total
---------------------------+-------+-------+-------+-------++-------
  Melee: Dagger            |    64 |       |       |       ||    64
         Club              |    60 |       |       |       ||    60
         Trident           |    43 |    80 |   290 |   238 ||   651
         Flail             |     1 |       |       |       ||     1
 Invoke: Light the Black T |       |       |       |     1 ||     1
  Evoke: Wand              |     5 |     3 |     5 |     6 ||    19
    Use: Scroll            |       |       |    11 |     3 ||    14
         Potion            |       |       |     4 |     1 ||     5
   Stab: Sleeping          |     1 |       |     2 |       ||     3
 Armour: Leather armour    |    31 |       |       |       ||    31
         Scale mail        |    37 |    18 |    67 |    66 ||   188
         Skin              |       |       |    13 |       ||    13
  Dodge: Dodged            |    52 |    11 |    70 |    57 ||   190

Table legend: (Time is in decaauts)
 A = Elapsed time spent in this place.
 B = Non-inter-level travel time spent in this place.
 C = Inter-level travel time spent in this place.
 D = Time resting spent in this place.
 E = Time spent auto-exploring this place.
 F = Levels seen in this place.
 G = Mean time per level.
                   A        B        C        D        E       F      G
               +--------+--------+--------+--------+--------+-----+--------+
         Total |   8150 |   7878 |    272 |    682 |   5898 |   8 | 1018.8 |
       Dungeon |   8150 |   7878 |    272 |    682 |   5898 |   8 | 1018.8 |
               +--------+--------+--------+--------+--------+-----+--------+

Top non-repeatable levels by time:
     D:5: 1310 daAuts
     D:7: 1254 daAuts
     D:2: 1157 daAuts
     D:1: 1155 daAuts
     D:4: 1109 daAuts
     D:3: 937 daAuts
     D:6: 808 daAuts
     D:8: 417 daAuts
